 Dungeon Crawl Stone Soup version 0.29-a0-409-gd843f3a48c (webtiles) character file.

Game seed: 14427053941666730582

28 jlumianski the Skirmisher (level 3, -1/29 HPs)
             Began as a Demonspawn Fighter on May 13, 2022.
             Slain by a worm (3 damage)
             ... on level 2 of the Dungeon.
             The game lasted 00:03:52 (1384 turns).

jlumianski the Skirmisher (Demonspawn Fighter)      Turns: 1384, Time: 00:03:53

Health: -1/29      AC:  6    Str: 18    XL:     3   Next: 0%
Magic:  3/3        EV:  9    Int: 15    God:
Gold:   43         SH:  4    Dex: 12    Spells: 2/2 levels left

rFire   . . .      SeeInvis .   a - +0 war axe
rCold   . . .      Faith    .   c - +0 buckler
rNeg    . . .      Spirit   .   b - +0 scale mail
rPois   .          Reflect  .   (no helmet)
rElec   .          Harm     .   (no cloak)
rCorr   .          Rampage  .   (no gloves)
Will    .....                   (no boots)
Stlth   ..........              (no amulet)
HPRegen 0.09/turn               l - +6 ring of intelligence
MPRegen 0.08/turn               (no ring)

@: no status effects
A: demonic touch 2
a: no special abilities


You were on level 2 of the Dungeon.
You visited 1 branch of the dungeon, and saw 2 of its levels.

You collected 43 gold pieces.

Inventory:

Hand Weapons
 a - a +0 war axe (weapon)
Missiles
 j - 34 stones (quivered)
Armour
 b - a +0 scale mail (worn)
 c - a +0 buckler (worn)
Jewellery
 l - a +6 ring of intelligence (left hand)
Scrolls
 h - a scroll of blinking
Potions
 d - a potion of might
 e - a potion of flight
 g - a potion of magic {unknown}
 i - a potion of curing {unknown}


   Skills:
 + Level 3.2 Fighting
 + Level 2.3 Axes
 + Level 3.0 Armour
 + Level 3.0 Shields


You had 2 spell levels left.
You didn't know any spells.
Your spell library was empty.

Dungeon Overview and Level Annotations

Branches:
Dungeon (2/15)

Altars:


Innate Abilities, Weirdness & Mutations

Your touch may inflict irresistible damage on your foes.


Message History

Unknown command.
Unknown command.
You see here a ball python corpse.
You open the door.
Found a stone staircase leading up.
There is an open door here.
Found a scroll labelled SIDIRCH YXINA.
Found a stone staircase leading down.
f - a scroll labelled SIDIRCH YXINA
As you read the scroll labelled SIDIRCH YXINA, it crumbles to dust.
Wisps of shadow whirl around you...
It was a scroll of summoning.
You swap places.
A worm comes into view.
The worm closely misses you. The worm bites you. The worm bites you.
The worm bites you. The worm bites you but does no damage. The worm bites you!
The worm barely misses you. The worm bites you. The worm closely misses you.
The worm bites you but does no damage. The worm barely misses you.
You block the worm's attack. You block the worm's attack.
The worm closely misses you. The worm bites you but does no damage.
Your kobold says, "jlumianski, I like you."
The worm completely misses you. The worm bites you!
* * * LOW HITPOINT WARNING * * *
The worm barely misses you. The worm bites you.
* * * LOW HITPOINT WARNING * * *
You block the worm's attack. The worm bites you but does no damage.
Your kobold shouts at the worm, "Die, monster!"
The worm bites you.
You die...

#.........####...
##.......## ##.#
##.....## #.#
##...########.#
##.........#.#
#..######.#.# #.#
#..# #.#
.....#######..#
#...w@Kr#...##.#
#..####.......# #
#........>##
.....##.##.##.#
#..# #.##.# #.#
#. #.##.# ##
#.##.# ..##.# ###
.#


You could see a worm (ally target), a friendly kobold (summoned) and a friendly
rat (summoned).

Vanquished Creatures
  A dart slug (D:2)
  2 ball pythons (D:2)
  6 endoplasms
  2 giant cockroaches (D:1)
  2 goblins (D:1)
  3 hobgoblins
  A kobold (D:1)
  2 bats (D:1)
  3 rats
22 creatures vanquished.

Notes
Turn   | Place    | Note
-------+----------+-------------------------------------------
     0 | D:1      | jlumianski the Demonspawn Fighter began the quest for the
                  | Orb.
     0 | D:1      | Reached XP level 1. HP: 18/18 MP: 1/1
   189 | D:1      | Found a faded altar of an unknown god.
   268 | D:1      | Gained mutation: Your touch may inflict minor irresistible
                  | damage on your foes. [demonic ancestry]
   268 | D:1      | Reached XP level 2. HP: 23/24 MP: 2/2
  1313 | D:2      | Gained mutation: Your touch may inflict irresistible damage
                  | on your foes. [demonic ancestry]
  1313 | D:2      | Reached XP level 3. HP: 29/29 MP: 3/3
  1384 | D:2      | Slain by a worm

Illustrated notes

Levels and vault maps discovered:
D:1:      eino_arrival_cavern_c, layout_basic, chequers_ecumenical_altar_twisty
D:2:      layout_loops_corners

Skill      XL: |  1  2 |
---------------+-------+-----
Shields        | 3 |  3.0
Axes           | 2 |  2.3
Armour         | 3 |  3.0
Fighting       | |  3.2

Action                   || total
-------------------------++-------
Melee: War axe           ||    55
  Use: Scroll            ||     4
       Potion            ||     1
Armor: Scale mail        ||    33
Dodge: Dodged            ||    37
Block: Buckler           ||    14

Table legend: (Time is in decaauts)
 A = Elapsed time spent in this place.
 B = Non-inter-level travel time spent in this place.
 C = Inter-level travel time spent in this place.
 D = Time resting spent in this place.
 E = Time spent auto-exploring this place.
 F = Levels seen in this place.
 G = Mean time per level.
                   A        B        C        D        E       F      G
               +--------+--------+--------+--------+--------+-----+--------+
         Total |   1407 |   1381 |     26 |      0 |   1048 |   2 |  703.5 |
       Dungeon |   1407 |   1381 |     26 |      0 |   1048 |   2 |  703.5 |
               +--------+--------+--------+--------+--------+-----+--------+

Top non-repeatable levels by time:
     D:1: 934 daAuts
     D:2: 473 daAuts
